 Dungeon Crawl Stone Soup version 0.28-b1-70-g80dc712255 (webtiles) character file.

Game seed: 15223374098716437918

185 crazypyro the Cudgeller (level 5, -4/82 HPs)
             Began as an Ogre Berserker on Feb 3, 2022.
             Was a Believer of Trog.
             Slain by a worm (9 damage)
             ... on level 3 of the Dungeon.
             The game lasted 00:02:27 (2809 turns).

crazypyro the Cudgeller (Ogre Berserker)            Turns: 2809, Time: 00:02:27

Health: -4/82      AC: -5    Str: 23    XL:     5   Next: 64%
Magic:  5/5        EV: 14    Int:  8    God:    Trog [**....]
Gold:   157        SH:  0    Dex:  8    Spells: 4/4 levels left

rFire   . . .      SeeInvis .   a - +0 mace
rCold   . . .      Faith    .   (no shield)
rNeg    . . .      Spirit   .   b - +0 animal skin
rPois   .          Reflect  .   (helmet restricted)
rElec   .          Harm     .   (no cloak)
rCorr   .          Rampage  .   (gloves unavailable)
Will    .....                   (boots unavailable)
Stlth   ..........              (no amulet)
HPRegen 0.23/turn               d - +4 ring of evasion
MPRegen 0.09/turn               (no ring)

@: berserking, corroded, very quick
A: large, unfitting armour, tough skin 1
a: Renounce Religion, Berserk, Trog's Hand


You were on level 3 of the Dungeon.
You worshipped Trog.
Trog was pleased with you.
You visited 1 branch of the dungeon, and saw 3 of its levels.

You collected 157 gold pieces.

Inventory:

Hand Weapons
 a - a +0 mace (weapon)
Armour
 b - a +0 animal skin (worn)
Jewellery
 d - a +4 ring of evasion (left hand)
 l - a ring of magical power
Scrolls
 c - a scroll of fog {unknown}
 h - a scroll of amnesia {unknown}
 j - a scroll of identify {unknown}
 n - 2 scrolls of magic mapping {unknown}
 o - a scroll of fear {unknown}
Potions
 e - 2 potions of mutation {unknown}
 f - a potion of haste {unknown}
 g - a potion of lignification {unknown}
 i - 3 potions of curing {unknown}
 k - 2 potions of flight {unknown}
 m - a potion of brilliance {unknown}


   Skills:
 - Level 4.5 Fighting
 * Level 4.6 Maces & Flails
 + Level 3.8 Dodging


You had 4 spell levels left.
You didn't know any spells.
Your spell library was empty.

Dungeon Overview and Level Annotations

Branches:
Dungeon (3/15)

Altars:
Fedhas
Gozag
Kikubaaqudgha
Makhleb
Sif Muna


Innate Abilities, Weirdness & Mutations

You are too large for most types of armour.
You have tough skin. (AC +1)


Message History

You see here a +0 club.
You hit the worm.
The worm is moderately wounded.
The worm bites you!
You hit the worm but do no damage.
The worm is lightly wounded.
The worm misses you.
You barely miss the worm.
The worm is lightly wounded.
The worm bites you!
* * * LOW HITPOINT WARNING * * *
You barely miss the worm.
The worm is lightly wounded.
Okay, then.
A red film seems to cover your vision as you go berserk!
You feel yourself moving faster!
You feel mighty! The worm misses you.
You barely miss the worm. You hit the worm.
The worm is lightly wounded.
The worm bites you!
* * * LOW HITPOINT WARNING * * *
You hit the worm.
The worm is lightly wounded.
You hit the worm but do no damage.
The worm is lightly wounded.
The worm bites you.
* * * LOW HITPOINT WARNING * * *
You are too berserk!
You hit the worm but do no damage. You sock the worm!
The worm is heavily wounded.
You hit the worm but do no damage.
The worm is heavily wounded.
The worm barely misses you.
You hit the worm but do no damage.
The worm is heavily wounded.
You sock the worm!
The worm is almost dead.
The worm bites you!
You die...

#..._...##..##.#
#.......#....†.#
#...)...##...###
##.....###.#.# ###
####'### #.#.# #..
###..#####.#.# #.#
...........#.# #.#
############.# #w#
#.# #@# #.# #.# ##
#.# #.# .##### #.#
#.#
.....#######.###.#
.###.....†.......#
.........)...#####
##############


You could see a worm.

Vanquished Creatures
  2 hounds (D:3)
  A jelly (D:3)
  An orc wizard (D:3)
  A gnoll (D:3)
  A worm (D:2)
  3 orcs (D:3)
  2 bats (D:2)
  An endoplasm (D:3)
  3 giant cockroaches
  6 goblins
  9 hobgoblins
  3 jackals (D:1)
  2 quokkas
  7 ball pythons
  3 frilled lizards
  5 kobolds
  2 rats
52 creatures vanquished.

Notes
Turn   | Place    | Note
-------+----------+-------------------------------------------
     0 | D:1      | crazypyro the Ogre Berserker began the quest for the Orb.
     0 | D:1      | Reached XP level 1. HP: 24/24 MP: 1/1
   207 | D:1      | Reached XP level 2. HP: 32/32 MP: 2/2
   901 | D:2      | Reached XP level 3. HP: 7/40 MP: 3/3
  1181 | D:2      | Found a blossoming altar of Fedhas.
  1730 | D:3      | Reached XP level 4. HP: 6/49 MP: 4/4
  2030 | D:3      | Reached ** piety under Trog
  2089 | D:3      | Reached XP level 5. HP: 16/55 MP: 5/5
  2401 | D:3      | Found an ancient bone altar of Kikubaaqudgha.
  2437 | D:3      | Found a burning altar of Makhleb.
  2491 | D:3      | Found a shimmering blue altar of Sif Muna.
  2494 | D:3      | Found an opulent altar of Gozag.
  2550 | D:3      | Found an ancient bone altar of Kikubaaqudgha.
  2809 | D:3      | Slain by a worm

Illustrated notes

Levels and vault maps discovered:
D:1:      dpeg_arrival_radiant, layout_basic
D:2:      layout_rooms, basic_altar
D:3:      layout_loops_ring, nicolae_overflow_squiral,
          mainiacjoe_overflow_small_starburst, lemuel_crystal_altar,
          kennysheep_flooded_box, chequers_serial_rivers_micro_d,
          cheibrodos_gnoll_hut

Skill      XL: |  1  2  3  4 |
---------------+-------------+-----
Maces & Flails | 3 4 |  4.6
Dodging        | 3 |  3.8
Fighting       | |  4.5

Action                   |  1- 3 |  4- 6 || total
-------------------------+-------+-------++-------
Melee: Mace              |   137 |    72 ||   209
       Punch             |     2 |       ||     2
Invok: Berserk           |       |     2 ||     2
Armor: Animal skin       |    27 |     6 ||    33
Dodge: Dodged            |   116 |    58 ||   174
